 Dungeon Crawl Stone Soup version 0.31-a0-986-g5e6e4ef867 (webtiles) character file.

Game seed: 4908975290541686694

79 Jeffwins the Ruffian (level 4, -3/36 HPs)
             Began as a Draconian Shapeshifter on Nov 23, 2023.
             Slain by Grinder (6 damage)
             ... while paralysed by Grinder
             ... on level 3 of the Dungeon.
             The game lasted 00:04:15 (1661 turns).

Jeffwins the Ruffian (Draconian Shapeshifter)       Turns: 1661, Time: 00:04:15

Health: -3/36      AC:  5    Str: 16    XL:     4   Next: 16%
Magic:  4/4        EV:  2    Int: 12    God:
Gold:   83         SH:  0    Dex: 11    Spells: 3/3 levels left

rFire   . .          .
                       - Unarmed
rCold   . . .        (no shield)
rNeg    . . .        (body armour unavailable)
rPois   .            (helmet currently unavailable)
rElec   .            (cloak currently unavailable)
rCorr   .            (gloves currently unavailable)
SInv    +            (boots currently unavailable)
Will    .....        (no amulet)
Stlth   +            v - ring of see invisible
HPRegen 0.26/turn    (no ring)
MPRegen 0.09/turn

%: no passive effects
@: paralysed, beast-form
A: beast (slay +2), AC +5, unfitting armour, cold-blooded
a: Begin Untransformation


You were on level 3 of the Dungeon.
You were a hulking beast.
You visited 1 branch of the dungeon, and saw 3 of its levels.

You collected 83 gold pieces.


Innate Abilities, Weirdness & Mutations

You are a hulking beast.
Your limbs bulge with bestial killing power. (Slay +2)
Your plain brown scales are hard. (AC +5)
You cannot fit into any form of body armour.
You are cold-blooded and may be slowed by cold attacks.


   Skills:
 + Level 1.9 Fighting
 + Level 2.1 Dodging
 + Level 1.0 Stealth
 * Level 3.7 Unarmed Combat
 * Level 3.6 Shapeshifting


You had 3 spell levels left.
You didn't know any spells.
Your spell library contained the following spells:

 Spells                   Type           Power      Damage    Failure   Level
 Gell's Gravitas          Tloc           0%         N/A       69%         3
 Teleport Other           Tloc           0%         N/A       69%         3
 Tukima's Dance           Hex            0%         N/A       69%         3
 Dimensional Bullseye     Hex/Tloc       0%         N/A       97%         4
 Iskenderun's Mystic Bla  Conj/Tloc      0%         2d3       97%         4
 Dispersal                Tloc           0%         N/A       100%        6

Inventory:

Jewellery
 v - a ring of see invisible (left hand)
Talismans
 b - a beast talisman
 c - a flux talisman
Scrolls
 d - a scroll of fear {unknown}
 e - 2 scrolls of immolation {unknown}
 g - 4 scrolls of vulnerability {unknown}
 k - 2 scrolls of identify {unknown}
Potions
 a - a potion of lignification {!q}
 f - a potion of magic {unknown}
 h - a potion of mutation {unknown}
 i - a potion of might {unknown}

Dungeon Overview and Level Annotations

Branches:
Dungeon (3/15)

Altars:
Elyvilon

Shops:
D:1 (   D:2 [=*(=

Annotations:
D:3 Grinder

... #.# #.# #.#
.. #.# .# #.# .#
#.# .## #.#
#.##.#.##.##.
#.h#.# .#.#.
#.#####5#.###...#
#.....$.........
#######.#####5.#
#...## #..###
#.##..####....# #
#........#..#
#...###.###.###.#
#....[...##
##....#


You could see Grinder.


Message History

You hit Grinder.
Grinder is heavily wounded.
Grinder hits you but does no damage.
Unknown command.
You hit Grinder.
Your tail-slap misses Grinder.
Grinder is heavily wounded.
Grinder gestures at you.
You barely resist.
Unknown command.
You hit Grinder.
Grinder is severely wounded.
Grinder says, "There's only one good use for a tongue: cutting it out."
Grinder hits you.
* * * LOW HITPOINT WARNING * * *
Unknown command.
You hit Grinder.
Grinder is almost dead.
Grinder hits you but does no damage.
Unknown command.
You closely miss Grinder.
Grinder is almost dead.
Grinder gestures at you.
You suddenly lose the ability to move!
Grinder hits you.
* * * LOW HITPOINT WARNING * * *
You writhe in agony.
* * * LOW HITPOINT WARNING * * *
Grinder hits you.
You die...
Grinder says, "Now the real fun starts!"

Skill      XL: |  1  2  3 |
---------------+----------+-----
Dodging        | 2 |  2.1
Stealth        | 1 |  1.0
Fighting       | |  1.9
Unarmed Combat | |  3.7
Shapeshifting  | |  3.6

Action                     |  1- 3 |  4- 6 || total
---------------------------+-------+-------++-------
  Melee: Unarmed           |    81 |    20 ||   101
         Tailslap          |     7 |       ||     7
         Punch             |     1 |     1 ||     2
  Evoke: Wand              |       |     2 ||     2
 Armour: Skin              |    42 |    11 ||    53
  Dodge: Dodged            |    52 |     7 ||    59

Levels and vault maps discovered:
D:1:      dpeg_arrival_lava_temple_mockup, layout_rooms, serial_shops,
          nicolae_shop_waterfront, dreamdust_ecumenical_altar_statues
D:2:      layout_loops_corners, serial_shops, shop, shop_statue,
          nicolae_shop_getting_attention, nicolae_shop_rolling_square,
          nicolae_shop_gaudy_bauble, dk_noncrumbling_4, minmay_lizard_pond,
          uniq_jessica
D:3:      layout_loops_ring, overflow_temple_1_default, serial_shops,
          nicolae_shop_temple_entry_statues_fountains, uniq_grinder

Notes
Turn   | Place    | Note
-------+----------+-------------------------------------------
     0 | D:1      | Jeffwins the Draconian Shapeshifter began the quest for the
                  | Orb.
     0 | D:1      | Reached XP level 1. HP: 16/16 MP: 1/1
    60 | D:1      | Found Okoehoaz's Antique Weapon Emporium.
   100 | D:1      | Found a faded altar of an unknown god.
   212 | D:1      | Reached XP level 2. HP: 17/23 MP: 2/2
   618 | D:2      | Found Taikabaidi's Jewellery Shoppe.
   646 | D:2      | Found Orusebot's Weapon Shoppe.
   662 | D:2      | Found Emmuvaehy's General Store.
   718 | D:2      | Noticed Jessica
   724 | D:2      | Killed Jessica
   725 | D:2      | Reached skill level 2 in Dodging
   725 | D:2      | Reached XP level 3. HP: 24/29 MP: 3/3
   758 | D:2      | Found Zikhluuti's Armour Emporium.
  1175 | D:2      | Found Kaom's Jewellery Shop.
  1238 | D:2      | Reached skill level 1 in Stealth
  1238 | D:2      | Reached XP level 4. HP: 26/36 MP: 4/4
  1590 | D:3      | Found a white marble altar of Elyvilon.
  1629 | D:3      | Noticed Grinder
  1650 | D:3      | Paralysed by Grinder for 2 turns
  1659 | D:3      | Paralysed by Grinder for 3 turns
  1660 | D:3      | HP: 3/36 [Grinder (5)]
  1661 | D:3      | Slain by Grinder

Vanquished Creatures
  Jessica (D:2)
  An adder (D:3)
  2 worms (D:2)
  A dart slug (D:2)
  4 ball pythons
  2 bats
  4 endoplasms
  A giant cockroach (D:1)
  A goblin (D:2)
  3 hobgoblins
  4 quokkas
  9 frilled lizards
  2 kobolds (D:2)
  A rat (D:1)
36 creatures vanquished.

Table legend: (Time is in decaauts)
 A = Elapsed time spent in this place.
 B = Non-inter-level travel time spent in this place.
 C = Inter-level travel time spent in this place.
 D = Time resting spent in this place.
 E = Time spent auto-exploring this place.
 F = Levels seen in this place.
 G = Mean time per level.
                   A        B        C        D        E       F      G
               +--------+--------+--------+--------+--------+-----+--------+
         Total |   1658 |   1572 |     86 |      7 |   1314 |   3 |  552.7 |
       Dungeon |   1658 |   1572 |     86 |      7 |   1314 |   3 |  552.7 |
               +--------+--------+--------+--------+--------+-----+--------+

Top non-repeatable levels by time:
     D:2: 949 daAuts
     D:1: 594 daAuts
     D:3: 114 daAuts

Table legend:
 A = Non-vault XP
 B = Vault XP
 C = Vault XP percentage of total XP
 D = Non-vault monster count
 E = Vault monster count
 F = Vault count percentage of total count
                 A         B        C        D         E       F
            +---------+---------+-------+---------+---------+-------
      Total |      68 |      45 |  39.8 |      27 |       9 |  25.0
            +---------+---------+-------+---------+---------+-------
        D:1 |      20 |       0 |   0.0 |      11 |       0 |   0.0
        D:2 |      35 |      45 |  56.2 |      15 |       9 |  37.5
        D:3 |      13 |       0 |   0.0 |       1 |       0 |   0.0
            +---------+---------+-------+---------+---------+-------
